 Dungeon Crawl Stone Soup version 0.32-a0-472-gc2b5402 (webtiles) character file.

Game seed: 10219037055925583659

34821 Remcycle the Severer (level 13, -4/117 HPs)
             Began as a Pale Draconian Monk on Feb 25, 2024.
             Was the Champion of Okawaru.
             Slain by a torpor snail (8 damage)
             ... while petrified by a basilisk
             ... on level 3 of the Lair of Beasts.
             The game lasted 00:41:22 (12669 turns).

Remcycle the Severer (Pale Draconian Monk)         Turns: 12669, Time: 00:41:22

Health: -4/117     AC: 16    Str: 24    XL:     13   Next: 44%
Magic:  13/13      EV:  2    Int: 10    God:    Okawaru [******]
Gold:   609        SH:  0    Dex: 19    Spells: 12/12 levels left

rFire   . . .        d - +7 war axe of Azibrue {flame, Int+4 Dex+2}
rCold   . . .        o - +0 buckler
rNeg    + + +        (body armour unavailable)
rPois   ∞            (helmet restricted)
rElec   +            k - +3 cloak of the Terrible Lobster {rPois Regen+ Str+3 Dex+3}
rCorr   .            v - +0 pair of gloves
SInv    .            j - +2 pair of boots
Will    .....        (no amulet)
Stlth   ++           r - ring of Vemeuhet {+Blink rElec rN+}
HPRegen 1.19/turn    (no ring)
MPRegen 0.13/turn

%: no passive effects
@: petrified, slowed
A: breathe steam, AC +8, unfitting armour, cold-blooded, steam resistance, dopey
2, strong 1
a: Breathe Steam, Renounce Religion, Evoke Blink, Heroism, Finesse, Duel


You were on level 3 of the Lair of Beasts.
You worshipped Okawaru.
Okawaru was exalted by your worship.
You visited 3 branches of the dungeon, and saw 14 of its levels.

You collected 609 gold pieces.

Inventory:

Hand Weapons
 d - the +7 war axe of Azibrue (weapon) {flame, Int+4 Dex+2}
   (Okawaru gifted it to you on level 10 of the Dungeon)

   Int+4:     It affects your intelligence (+4).
   Dex+2:     It affects your dexterity (+2).
Missiles
 m - 6 atropa-tipped darts (quivered)
 s - 2 silver javelins
Armour
 j - a +2 pair of boots (worn)
 k - the +3 cloak of the Terrible Lobster (worn) {rPois Regen+ Str+3 Dex+3}
   (Okawaru gifted it to you on level 10 of the Dungeon)

   Str+3:     It affects your strength (+3).
   Dex+3:     It affects your dexterity (+3).
   rPois:     It protects you from poison Regen+: It increases your rate of
   health regeneration.
 o - a +0 buckler (worn)
 v - a +0 pair of gloves (worn)
Jewellery
 r - the ring of Vemeuhet (left hand) {+Blink rElec rN+}
   (You found it on level 1 of the Lair of Beasts)

   [ring of positive energy]

   rElec:     It insulates you from electricity.
   rN+:       It protects you from negative energy.
   +Blink:    It lets you blink.
Wands
 a - a wand of quicksilver (2)
 z - a wand of digging (9)
 B - a wand of mindburst (10)
 F - a wand of flame (7)
Scrolls
 f - a scroll of silence {unknown}
 g - 3 scrolls of poison
 q - a scroll of brand weapon
 y - 2 scrolls of revelation
 C - a scroll of enchant weapon
 E - a scroll of acquirement {unknown}
Potions
 b - 8 potions of ambrosia
 c - 3 potions of cancellation
 e - a potion of berserk rage
 i - 5 potions of enlightenment
 l - a potion of might
 n - a potion of invisibility
 p - 2 potions of mutation
 w - 2 potions of curing
 x - a potion of haste


   Skills:
 + Level 11.9 Fighting
 - Level 5.9 Long Blades
 + Level 17.1 Axes
 + Level 10.1 Dodging
 + Level 9.7 Shields


You had 12 spell levels left.
You didn't know any spells.
Your spell library contained the following spells:

 Spells                   Type           Power      Damage    Failure   Level
 Apportation              Tloc           0%         N/A       41%         1
 Necrotise                Necr           0%         1d4       41%         1
 Sting                    Conj/Alch      0%         1d3       41%         1
 Vampiric Draining        Necr           0%         2d6       78%         3
 Curse of Agony           Necr           0%         N/A       100%        5
 Summon Small Mammal      Summ           Unusable   N/A       N/A         1
 Martyr's Knell           Necr/Summ      Unusable   N/A       N/A         4

Dungeon Overview and Level Annotations

Branches:
Dungeon (10/15)            Temple (1/1) D:5            Lair (3/5) D:9
  Snake (0/4) Lair:2
  Swamp: Lair:2-3    Shoals: Lair:2-3       Orc: D:9-12

Altars:
Ashenzari
Cheibriados
Dithmenos
Elyvilon
Fedhas
Gozag
Hepliaklqana
Kikubaaqudgha
Nemelex Xobeh
Okawaru
Qazlal
Ru
Sif Muna
Trog
Uskayaw
Vehumet
Wu Jian
Xom
Yredelemnul
Zin
The Shining One

Shops:
D:1 (

Annotations:
D:4 2 transporters, Dega's ghost, amateur DsFi
Lair:1 3 runed translucent doors, Jebruloi's ghost, journeyman FoHu


Innate Abilities, Weirdness & Mutations

You can breathe blasts of scalding, opaque steam.
Your pale cyan-grey scales are hard. (AC +8)
You cannot fit into any form of body armour.
You are cold-blooded and may be slowed by cold attacks.
You are immune to the effects of steam.
You are very dopey. (Int -4)
Your muscles are strong. (Str +4, Int/Dex -1)


Message History

You hit the basilisk. You burn the basilisk.
The basilisk is severely wounded.
You slash the yak! You burn the yak.
You kill the yak!
Okawaru accepts your kill.
You hit the cane toad. You burn the cane toad. You hit the torpor snail.
You burn the torpor snail.
The cane toad stings you but does no damage.
The basilisk barely misses you. The torpor snail bites you.
* * * LOW HITPOINT WARNING * * *
The cane toad stings you.
* * * LOW HITPOINT WARNING * * *
The basilisk bites you but does no damage.
The torpor snail bites you!
* * * LOW HITPOINT WARNING * * *
Your limbs are stiffening.
You slice the basilisk!! You burn the basilisk.
You kill the basilisk!
Okawaru accepts your kill.
You hit the torpor snail. You burn the torpor snail. You slash the cane toad!
You burn the cane toad. The cane toad stings you.
You block the cane toad's attack.
The torpor snail bites you but does no damage.
You have turned to stone.
The cane toad barely misses you. The cane toad stings you.
* * * LOW HITPOINT WARNING * * *
The torpor snail barely misses you. The cane toad completely misses you.
The torpor snail bites you!
* * * LOW HITPOINT WARNING * * *
The cane toad stings you!
* * * LOW HITPOINT WARNING * * *
The cane toad stings you.
* * * LOW HITPOINT WARNING * * *
The torpor snail barely misses you. The cane toad stings you!
* * * LOW HITPOINT WARNING * * *
The cane toad stings you!
* * * LOW HITPOINT WARNING * * *
The torpor snail bites you!
You die...

........###.###......
.........##.#P.#.....
....................
.................... ###
#................. .P..###
#.................
.......##?†...............
........#....#P.#.##.#....
........!@..##P.#....#....
......†#F†w.............>.
.......##...##............
#....## #...##............
.#.## .....#.###..##....
.. .....#.#.P#.#...... .
....................
.....................
................


You could see a torpor snail and a cane toad.

Vanquished Creatures
  3 hydras
  A boulder beetle (Lair:2)
  2 death yaks
  2 two-headed ogres
  A skyshark (Lair:2)
  Pikel (D:5)
  A lindwurm (Lair:2)
  A salamander (Lair:2)
  7 black mambas
  12 elephants
  3 torpor snails (Lair:2)
  An unseen horror (D:10)
  13 cane toads
  4 rime drakes
  Maggie (D:9)
  8 komodo dragons
  2 hornets
  A queen bee (Lair:2)
  A tyrant leech (Lair:1)
  Grinder (D:5)
  4 blink frogs
  2 polar bears
  Sigmund (D:3)
  A vampire (D:10)
  A wyvern (Lair:2)
  17 yaks
  7 basilisks
  A steam dragon (D:8)
  2 nagas (Lair:2)
  Menkaure (D:5)
  14 water moccasins
  2 swamp worms (Lair:1)
  An orc warrior (D:9)
  2 sky beasts
  2 black bears
  An ogre (D:4)
  A centaur (D:9)
  5 wolves (Lair:2)
  4 phantoms
  A lemure (D:5)
  13 bullfrogs
  3 gnoll sergeants
  3 kobold brigands
  5 scorpions
  5 wights (D:9)
  A burial acolyte (D:5)
  29 killer bees
  2 howler monkeys (D:10)
  2 hounds
  2 orc priests
  Crazy Yiuf (D:3)
  2 jellies
  Jessica (D:2)
  4 gnoll boudas
  Natasha (D:2)
  4 iguanas
  8 orc wizards
  Robin (D:4)
  38 gnolls
  11 adders
  A shadow imp (D:5)
  3 white imps
  2 adder zombies (D:5)
  A dart slug (D:3)
  A ribbon worm (D:3)
  20 orcs
  7 ball pythons
  3 endoplasms
  5 giant cockroaches
  13 goblins
  14 hobgoblins
  26 kobolds
  8 quokkas
  8 bats
  3 frilled lizards
  A jackal zombie (D:5)
  7 rats
395 creatures vanquished.

Vanquished Creatures (others)
  2 spectral weapons
2 creatures vanquished.

Grand Total: 397 creatures vanquished

Notes
Turn   | Place    | Note
-------+----------+-------------------------------------------
     0 | D:1      | Remcycle the Draconian Monk began the quest for the Orb.
     0 | D:1      | Reached XP level 1. HP: 19/19 MP: 1/1
   120 | D:1      | Reached XP level 2. HP: 26/26 MP: 2/2
   145 | D:1      | Found Kiarphaegi's Weapon Emporium.
   231 | D:1      | Reached XP level 3. HP: 31/31 MP: 3/3
   234 | D:1      | Found a faded altar of an unknown god.
   781 | D:2      | Noticed Natasha
   787 | D:2      | Killed Natasha
   788 | D:2      | Reached skill level 5 in Long Blades
   788 | D:2      | Reached XP level 4. HP: 22/38 MP: 4/4
  1169 | D:2      | Noticed Jessica
  1178 | D:2      | Killed Jessica
  1179 | D:2      | Reached XP level 5. HP: 20/45 MP: 5/5
  1334 | D:2      | Identified the +4 hand axe of the Equinox {spect, rF+ Int+2
                  | Dex+3 Stlth+}
  1388 | D:2      | Reached skill level 1 in Axes
  1882 | D:3      | Reached skill level 2 in Axes
  2053 | D:3      | Noticed Sigmund
  2061 | D:3      | Killed Sigmund
  2062 | D:3      | Reached skill level 5 in Axes
  2062 | D:3      | Reached XP level 6. HP: 35/51 MP: 6/6
  2238 | D:3      | Found a blossoming altar of Fedhas.
  2470 | D:3      | Found a runed translucent door.
  2471 | D:3      | Noticed Crazy Yiuf
  2479 | D:3      | Killed Crazy Yiuf
  2480 | D:3      | Reached skill level 6 in Axes
  2653 | D:4      | Noticed Dega's ghost (amateur DsFi)
  2653 | D:4      | Found a transporter.
  2684 | D:4      | Reached skill level 7 in Axes
  2756 | D:4      | Your scales start taking on a pale cyan-grey colour.
  2756 | D:4      | Reached XP level 7. HP: 50/57 MP: 7/7
  2756 | D:4      | Gained mutation: You are immune to the effects of steam.
                  | [Pale Draconian growth]
  2804 | D:4      | Reached skill level 8 in Axes
  2869 | D:4      | Found a shadowy altar of Dithmenos.
  2921 | D:4      | Found a glowing silver altar of Zin.
  2921 | D:4      | Found a shimmering altar of Xom.
  2921 | D:4      | Found a white marble altar of Elyvilon.
  3161 | D:4      | Found a transporter.
  3248 | D:4      | Noticed Robin
  3251 | D:4      | Reached skill level 9 in Axes
  3261 | D:4      | Killed Robin
  3562 | D:5      | Entered Level 5 of the Dungeon
  3595 | D:5      | Found a staircase to the Ecumenical Temple.
  3611 | Temple   | Entered the Ecumenical Temple
  3618 | Temple   | Became a worshipper of Warmaster Okawaru
  3618 | Temple   | Reached * piety under Okawaru
  3618 | Temple   | Reached ** piety under Okawaru
  3680 | D:5      | Noticed Pikel
  3696 | D:5      | Killed Pikel
  3697 | D:5      | Reached skill level 12 in Axes
  3697 | D:5      | Reached XP level 8. HP: 44/63 MP: 8/8
  3781 | D:5      | Noticed Grinder
  3785 | D:5      | Paralysed by Grinder for 5 turns
  3793 | D:5      | Killed Grinder
  3794 | D:5      | Reached skill level 13 in Axes
  4381 | D:5      | Reached *** piety under Okawaru
  4383 | D:5      | Found an ancient bone altar of Kikubaaqudgha.
  4394 | D:5      | Noticed Menkaure
  4399 | D:5      | Killed Menkaure
  4400 | D:5      | Reached skill level 14 in Axes
  4765 | D:5      | Reached XP level 9. HP: 70/70 MP: 9/9
  5960 | D:7      | Reached skill level 5 in Fighting
  6286 | D:7      | Reached **** piety under Okawaru
  6649 | D:7      | Reached skill level 1 in Shields
  7027 | D:8      | Reached skill level 5 in Dodging
  7027 | D:8      | Reached XP level 10. HP: 70/83 MP: 10/10
  7151 | D:8      | Reached ***** piety under Okawaru
  7384 | D:8      | Noticed a two-headed ogre
  7394 | D:8      | Killed a two-headed ogre
  7804 | D:9      | Reached skill level 15 in Axes
  7921 | D:9      | Found a staircase to the Lair.
  7924 | D:9      | Noticed a death yak
  7977 | D:9      | Killed a death yak
  8288 | D:9      | Paralysed by a hornet for 2 turns
  8424 | D:9      | Reached skill level 5 in Shields
  8429 | D:9      | Reached XP level 11. HP: 89/94 MP: 11/11
  8562 | D:9      | Noticed Maggie
  8571 | D:9      | Killed Maggie
  8725 | D:9      | Noticed a two-headed ogre
  8739 | D:9      | Killed a two-headed ogre
  8739 | D:9      | Received a gift from Okawaru
  9242 | D:10     | Entered Level 10 of the Dungeon
  9296 | D:10     | Reached ****** piety under Okawaru
  9401 | D:10     | Acquired the +7 war axe of Azibrue {flame, Int+4 Dex+2}
  9401 | D:10     | Received a gift from Okawaru
  9405 | D:10     | Acquired the +3 cloak of the Terrible Lobster {rPois Regen+
                  | Str+3 Dex+3}
  9405 | D:10     | Received a gift from Okawaru
  9537 | Lair:1   | Entered Level 1 of the Lair of Beasts
  9646 | Lair:1   | Received a gift from Okawaru
  9854 | Lair:1   | Found a runed translucent gate.
  9854 | Lair:1   | Found a runed translucent gate.
  9854 | Lair:1   | Found a runed translucent gate.
  9861 | Lair:1   | Noticed a minotaur
  9862 | Lair:1   | Noticed Jebruloi's ghost (journeyman FoHu)
  9889 | Lair:1   | Received a gift from Okawaru
 10086 | Lair:1   | Reached skill level 16 in Axes
 10258 | Lair:1   | Reached XP level 12. HP: 106/106 MP: 12/12
 10303 | Lair:1   | Identified the ring of Vemeuhet {+Blink rElec rN+}
 11062 | Lair:2   | Reached skill level 10 in Fighting
 11186 | Lair:2   | Noticed a six-headed hydra
 11186 | Lair:2   | Noticed a boulder beetle
 11192 | Lair:2   | Noticed a four-headed hydra
 11203 | Lair:2   | Killed a one-headed hydra
 11206 | Lair:2   | Killed a one-headed hydra
 11283 | Lair:2   | Received a gift from Okawaru
 11360 | Lair:2   | Killed a boulder beetle
 11432 | Lair:2   | Received a gift from Okawaru
 11621 | Lair:2   | Found a staircase to the Snake Pit.
 11751 | Lair:2   | Reached XP level 13. HP: 66/116 MP: 13/13
 11876 | Lair:2   | Received a gift from Okawaru
 12265 | Lair:2   | Reached skill level 17 in Axes
 12320 | Lair:2   | Gained mutation: You are dopey. (Int -2) [potion of
                  | mutation]
 12320 | Lair:2   | Gained mutation: Your muscles are strong. (Str +4, Int/Dex
                  | -1) [potion of mutation]
 12320 | Lair:2   | Gained mutation: You are very dopey. (Int -4) [potion of
                  | mutation]
 12618 | Lair:3   | Reached skill level 10 in Dodging
 12669 | Lair:3   | HP: 4/117 [cane toad (8)]
 12669 | Lair:3   | Slain by a torpor snail

Illustrated notes

Levels and vault maps discovered:
D:1:      nzn_arrival_crosshair, layout_loops_ring,
          shapermc_ecumenical_altar_acropolis, serial_shops,
          nicolae_shop_tiny_waterfront
D:2:      layout_basic, uniq_jessica, uniq_natasha
D:3:      minmay_chambers_of_twos, layout_basic, fedhas_altar_4, uniq_sigmund,
          uniq_crazy_yiuf_cottage
D:4:      layout_gridville, grunt_dithmenos_smoke_and_mirrors,
          gammafunk_temple_overflow_claw, gammafunk_ghost_mausoleum, uniq_robin
D:5:      layout_layer_cave, lemuel_zombie_altar_kikubaaqudgha, temple_pool_b,
          uniq_menkaure, uniq_pikel, uniq_grinder
D:6:      layout_loops_ring
D:7:      layout_loops_cross
D:8:      layout_gridville
D:9:      layout_rooms, dpeg_lair_monsters, hex_intersection, uniq_maggie
D:10:     layout_basic, lemuel_doored_altar
Temple:   hellmonk_temple_of_storms
Lair:1:   layout_layer_cave, maelrawn_ghost_gauntlet_escape, worms_lemuel,
          serial_bayou_shore_b, grunt_megastairs_5
Lair:2:   nzn_winding_woodlands_cross [nzn_winding_woodlands_5x15_sawtooth,
          nzn_winding_woodlands_5x15_pool, nzn_winding_woodlands_5x15_eye,
          nzn_winding_woodlands_5x15_river_crossing,
          nzn_winding_woodlands_15x15_killbox], layout_misc_corridors,
          alex1729_snake_entry_snake, special_room [special_room_bee]
Lair:3:   layout_regular_city, elwin_shoals_entry_stream

Skill      XL: |  1  2  3  4  5  6  7  8  9 10 11 12 13 |
---------------+----------------------------------------+-----
Long Blades    | 4 5 |  5.9
Axes           | 5 7 12 14 15 16 17 | 17.1
Dodging        | 5 6 8 9 10 | 10.1
Fighting       | 6 7 9 11 | 11.9
Shields        | 2 5 7 9 |  9.7

Action                     |  1- 3 |  4- 6 |  7- 9 | 10-12 | 13-15 || total
---------------------------+-------+-------+-------+-------+-------++-------
  Melee: Falchion          |    77 |    47 |       |       |       ||   124
         Tailslap          |    14 |    17 |    53 |   105 |    32 ||   221
         Hand axe          |       |    65 |   270 |   184 |       ||   519
         War axe           |       |       |       |   378 |   151 ||   529
  Throw: Boomerang         |       |       |       |       |     6 ||     6
 Invoke: Heroism           |       |       |       |     1 |       ||     1
         Receive Weapon    |       |       |       |     1 |       ||     1
         Receive Armour    |       |       |       |     1 |       ||     1
    Use: Scroll            |       |       |    13 |     5 |     1 ||    19
         Potion            |       |       |       |     5 |     5 ||    10
   Stab: Sleeping          |       |     2 |     4 |     3 |     1 ||    10
         Distracted        |       |       |     4 |     5 |       ||     9
         Invisible         |       |       |       |     1 |     2 ||     3
 Armour: Skin              |    52 |    46 |   111 |   338 |   175 ||   722
  Dodge: Dodged            |    57 |    58 |    85 |   304 |   163 ||   667
  Block: Buckler           |       |       |    10 |   123 |    80 ||   213

Table legend: (Time is in decaauts)
 A = Elapsed time spent in this place.
 B = Non-inter-level travel time spent in this place.
 C = Inter-level travel time spent in this place.
 D = Time resting spent in this place.
 E = Time spent auto-exploring this place.
 F = Levels seen in this place.
 G = Mean time per level.
                   A        B        C        D        E       F      G
               +--------+--------+--------+--------+--------+-----+--------+
         Total |  12450 |  11854 |    596 |    871 |   8858 |  14 |  889.3 |
       Dungeon |   9407 |   8865 |    542 |    798 |   6672 |  10 |  940.7 |
        Temple |     14 |      8 |      6 |      0 |      0 |   1 |   14.0 |
          Lair |   3028 |   2980 |     48 |     73 |   2185 |   3 | 1009.3 |
               +--------+--------+--------+--------+--------+-----+--------+

Top non-repeatable levels by time:
     D:5: 1491 daAuts
  Lair:1: 1435 daAuts
  Lair:2: 1291 daAuts
     D:9: 1255 daAuts
     D:3: 1089 daAuts
     D:8: 1080 daAuts
     D:4: 992 daAuts
     D:2: 929 daAuts
     D:7: 828 daAuts
     D:6: 813 daAuts
     D:1: 652 daAuts
  Lair:3: 301 daAuts
    D:10: 273 daAuts
  Temple: 14 daAuts
